 Seeded DCSS version 0.30-a0-368-g86fb4627a9 (webtiles) character file.

Game seed: 4866231847754521613 (custom seed)

2016 purpskrrrp the Skirmisher (level 9, 0/47 HPs)
             Began as a Deep Elf Hunter on Nov 18, 2022.
             Was a Priest of Fedhas.
             Engulfed by a steam dragon's steam (13 damage)
             ... on level 7 of the Dungeon.
             The game lasted 00:13:57 (4980 turns).

purpskrrrp the Skirmisher (Deep Elf Hunter)         Turns: 4980, Time: 00:13:57

Health: 0/47       AC: 12    Str:  8    XL:     9   Next: 3%
Magic:  16/16      EV: 12    Int: 17    God:    Fedhas [***...]
Gold:   488        SH:  4    Dex: 22    Spells: 3/8 levels left

rFire   x . .      SeeInvis +    p - +8 arbalest of Causality {drain, Int+2}
rCold   + . .      Faith    .    (shield currently unavailable)
rNeg    . . .      Spirit   .    c - +3 leather armour
rPois   +          Reflect  .    (no helmet)
rElec   .          Harm     .    m - +2 cloak {rPois}
rCorr   .          Rampage  .    o - +2 pair of gloves
Will    .....                    (no boots)
Stlth   ++........               (no amulet)
HPRegen 0.27/turn                j - ring of ice
MPRegen 0.15/turn                y - ring of poison resistance

@: no status effects
A: large bone plates 1, see invisible
a: Renounce Religion, Wall of Briars, Grow Ballistomycete


You were on level 7 of the Dungeon.
You worshipped Fedhas.
Fedhas was most pleased with you.
You visited 1 branch of the dungeon, and saw 7 of its levels.

You collected 488 gold pieces.

Inventory:

Hand Weapons
 a - a +0 shortbow
 p - the +8 arbalest of Causality (weapon) {drain, Int+2}
   (You acquired it on level 2 of the Dungeon)

   A truly terrible weapon, it drains the life of any living foe it strikes.
   Int:       It affects your intelligence (+2).
Armour
 c - a +3 leather armour (worn)
 m - a +2 cloak of poison resistance (worn)
 o - a +2 pair of gloves (worn)
Jewellery
 j - a ring of ice (left hand)
 k - a ring of see invisible
 y - a ring of poison resistance (right hand)
 A - a +6 ring of intelligence
 C - a ring of wizardry
 D - a +4 ring of protection
Wands
 r - a wand of flame (39)
Scrolls
 b - a scroll of immolation
 g - 6 scrolls of teleportation
 i - 3 scrolls of magic mapping
 n - 2 scrolls of poison
 t - a scroll of brand weapon {unknown}
 u - a scroll of amnesia {unknown}
 v - a scroll of torment {unknown}
 E - a scroll of fear {unknown}
 F - a scroll of silence
Potions
 d - a potion of mutation
 e - 4 potions of degeneration
 f - a potion of invisibility {unknown}
 h - a potion of resistance {unknown}
 l - 4 potions of lignification
 q - 2 potions of attraction
 w - 2 potions of haste
 x - 2 potions of berserk rage {unknown}
 z - a potion of flight {unknown}
 G - a potion of magic {unknown}


   Skills:
 - Level 1.5 Fighting
 * Level 13.8 Ranged Weapons
 - Level 2.4 Dodging
 - Level 1.2 Stealth
 + Level 6.8 Invocations


You had 3 spell levels left.
You knew the following spells:

 Your Spells              Type           Power      Damage    Failure   Level
a - Teleport Other        Tloc           0%         N/A       71%         3
b - Passwall              Tmut/Erth      0%         N/A       45%         2

Your spell library contained the following spells:

 Spells                   Type           Power      Damage    Failure   Level
 Apportation              Tloc           0%         N/A       34%         1
 Ensorcelled Hibernation  Hex/Ice        0%         N/A       45%         2
 Gell's Gravitas          Tloc           0%         N/A       71%         3
 Lesser Beckoning         Tloc           0%         N/A       71%         3
 Swiftness                Air            0%         N/A       71%         3
 Animate Armour           Summ/Erth      0%         N/A       98%         4
 Alistair's Intoxication  Tmut/Pois      0%         N/A       100%        5
 Blade Hands              Tmut           0%         N/A       100%        5
 Iron Shot                Conj/Erth      0%         9d1       100%        6


Dungeon Overview and Level Annotations

Branches:
Dungeon (7/15)
 Temple: D:4-7

Altars:
Cheibriados
Fedhas
Gozag
Hepliaklqana
Kikubaaqudgha
Okawaru
Ru
Sif Muna
Yredelemnul

Shops:
D:5 (

Annotations:
D:5 3 runed translucent doors, MachoJfn's ghost, novice DsBe


Innate Abilities, Weirdness & Mutations

You are partially covered in large bone plates. (SH +4)
You have supernaturally acute eyesight. (SInv)


Message History

The steam dragon breathes steam at you. The ball of steam hits you!
The steam scalds you terribly!
You hear a shout!
Fire: p) +8 arbalest of Causality {drain, Int+2}
Press: ? - help, Q - select action, (/) - cycle Shift-Dir - straight line, f/p - steam dragon
Aim: a steam dragon (steam, catching its breath, 72% to hit)
You shoot a bolt. The bolt hits the steam dragon!
The steam dragon is moderately wounded.
You are engulfed in a cloud of scalding steam.
You hear an angry hiss.
The steam dragon barely misses you.
The steam dragon claws you but does no damage.
The steam dragon misses you. x2
Fire: p) +8 arbalest of Causality {drain, Int+2}
Press: ? - help, Q - select action, (/) - cycle Shift-Dir - straight line, f/p - steam dragon
Aim: a steam dragon (steam, moderately wounded, catching its breath, 72% to hit)
You shoot a bolt.
The bolt barely misses the steam dragon.
The steam dragon completely misses you.
The steam dragon claws you but does no damage.
Fire: p) +8 arbalest of Causality {drain, Int+2}
Press: ? - help, Q - select action, (/) - cycle Shift-Dir - straight line, f/p - steam dragon
Aim: a steam dragon (moderately wounded, catching its breath, 72% to hit)
You shoot a bolt.
The bolt hits the steam dragon but does no damage.
You drain the steam dragon.
The steam dragon is heavily wounded.
The steam dragon closely misses you. The steam dragon barely misses you.
Fire: p) +8 arbalest of Causality {drain, Int+2}
Press: ? - help, Q - select action, (/) - cycle Shift-Dir - straight line, f/p - steam dragon
Aim: a steam dragon (heavily wounded, lightly drained, 72% to hit)
You shoot a bolt.
The bolt closely misses the steam dragon.
The steam dragon breathes steam at you. The ball of steam hits you!
The steam scalds you terribly!
* * * LOW HITPOINT WARNING * * *
You feel better.
You are engulfed in a cloud of scalding steam.
You die...
Fedhas appreciates your contribution to the ecosystem.

#.# #.# ##)###
#.# .....# #.#
.....+ #.#
.....# #.#
.....+ #.#
.....# #. #.#
.....#
#...#.########
.....#
#..†D@§§§§...
......
......#.########
.........
...>..##. ......
.. ..... ## ####


You could see a steam dragon (drained).

Vanquished Creatures
  Grinder (D:4)
  Duvessa (D:4)
  A water moccasin (D:7)
  An ice beast (D:5)
  2 centaurs
  4 phantoms
  A bullfrog (D:6)
  2 necrophages
  3 wights (D:6)
  Dowan (D:4)
  2 howler monkeys
  A jelly (D:4)
  3 hounds
  4 orc wizards
  3 iguanas
  Natasha (thrice) (D:4)
  3 gnolls (D:6)
  8 adders
  2 white imps
  An ufetubus (D:5)
  6 dart slugs
  19 orcs
  8 endoplasms
  3 giant cockroaches
  7 goblins
  8 hobgoblins
  4 jackals (D:1)
  8 kobolds
  4 quokkas
  5 ball pythons
  10 bats
  A frilled lizard (D:1)
  7 rats
137 creatures vanquished.

Vanquished Creatures (others)
  A withered plant (D:3)
1 creature vanquished.

Grand Total: 138 creatures vanquished

Notes
Turn   | Place    | Note
-------+----------+-------------------------------------------
     0 | D:1      | purpskrrrp the Deep Elf Hunter began the quest for the Orb.
     0 | D:1      | Reached XP level 1. HP: 12/12 MP: 3/3
   128 | D:1      | Reached XP level 2. HP: 16/16 MP: 4/4
   131 | D:1      | Reached skill level 6 in Ranged Weapons
   285 | D:1      | Reached XP level 3. HP: 6/20 MP: 5/5
   731 | D:1      | Identified a scroll of acquirement
   731 | D:1      | Acquired a +2 cloak of poison resistance
   805 | D:2      | Reached skill level 7 in Ranged Weapons
   874 | D:2      | Reached XP level 4. HP: 25/25 MP: 6/6
  1475 | D:2      | Acquired the +8 arbalest of Causality {drain, Int+2}
  1579 | D:3      | Found a faded altar of an unknown god.
  1594 | D:3      | Prayed at the altar of an unknown god.
  1594 | D:3      | Became a worshipper of Fedhas Madash
  1594 | D:3      | Reached * piety under Fedhas
  1967 | D:3      | Reached skill level 8 in Ranged Weapons
  1976 | D:3      | Reached skill level 1 in Invocations
  1976 | D:3      | Reached XP level 5. HP: 6/29 MP: 7/7
  2090 | D:3      | Reached ** piety under Fedhas
  2237 | D:3      | Found a hazy altar of Hepliaklqana.
  2261 | D:3      | Gained mutation: Your magical capacity is low. (-10% MP)
                  | [potion of mutation]
  2261 | D:3      | Gained mutation: You do not regenerate when monsters are
                  | visible. [potion of mutation]
  2261 | D:3      | Lost mutation: Your magical capacity is low. (-10% MP)
                  | [potion of mutation]
  2262 | D:3      | Lost mutation: You do not regenerate when monsters are
                  | visible. [potion of mutation]
  2262 | D:3      | Gained mutation: You are partially covered in large bone
                  | plates. (SH +4) [potion of mutation]
  2262 | D:3      | Gained mutation: You have supernaturally acute eyesight.
                  | (SInv) [potion of mutation]
  2599 | D:4      | Noticed Grinder
  2606 | D:4      | Paralysed by Grinder for 5 turns
  2611 | D:4      | Killed Grinder
  2612 | D:4      | Reached skill level 9 in Ranged Weapons
  2612 | D:4      | Reached XP level 6. HP: 34/34 MP: 8/10
  2720 | D:4      | Noticed Natasha
  2721 | D:4      | Killed Natasha
  2839 | D:4      | Noticed Natasha
  2840 | D:4      | Killed Natasha
  2881 | D:4      | Noticed Dowan
  2881 | D:4      | Noticed Duvessa
  2890 | D:4      | Killed Duvessa
  2891 | D:4      | Reached skill level 10 in Ranged Weapons
  2891 | D:4      | Reached XP level 7. HP: 38/38 MP: 11/11
  2897 | D:4      | Killed Dowan
  3015 | D:4      | Found a sacrificial altar of Ru.
  3015 | D:4      | Found an ancient bone altar of Kikubaaqudgha.
  3177 | D:4      | Noticed Natasha
  3178 | D:4      | Killed Natasha
  3205 | D:4      | Learned a level 3 spell: Teleport Other
  3216 | D:5      | Entered Level 5 of the Dungeon
  3216 | D:5      | Found a snail-covered altar of Cheibriados.
  3241 | D:5      | Reached skill level 11 in Ranged Weapons
  3246 | D:5      | Found an opulent altar of Gozag.
  3306 | D:5      | Reached *** piety under Fedhas
  3311 | D:5      | Found an iron altar of Okawaru.
  3380 | D:5      | Found Ivag's Antique Weapon Emporium.
  3465 | D:5      | Found a runed translucent gate.
  3465 | D:5      | Found a runed translucent gate.
  3465 | D:5      | Found a runed translucent gate.
  3466 | D:5      | Noticed MachoJfn's ghost (novice DsBe)
  3498 | D:5      | Reached skill level 5 in Invocations
  3498 | D:5      | Reached XP level 8. HP: 43/43 MP: 13/13
  3540 | D:5      | Reached skill level 12 in Ranged Weapons
  3721 | D:5      | Learned a level 2 spell: Passwall
  3857 | D:6      | Identified the +1 chain mail of the Shore {rPois Str+3
                  | Int+3 Dex-5}
  4196 | D:6      | Reached skill level 13 in Ranged Weapons
  4477 | D:6      | Found a basalt altar of Yredelemnul.
  4483 | D:6      | Found a shimmering blue altar of Sif Muna.
  4974 | D:7      | Reached XP level 9. HP: 38/47 MP: 16/16
  4980 | D:7      | Engulfed by a steam dragon's steam

Illustrated notes

Levels and vault maps discovered:
D:1:      dpeg_arrival_arbitrary_c, layout_basic
D:2:      layout_loops_ring, kennysheep_minor_cross
D:3:      minmay_chambers_of_twos, layout_loops_ring, overflow_temple_1_default,
          ebering_ecumenical_altar_petrified
D:4:      layout_loops_cross, gammafunk_temple_overflow_elements, dk_vineyard_3,
          uniq_grinder, uniq_natasha, uniq_duvessa
D:5:      layout_rooms, cheibriados_altar_1, mainiacjoe_overflow_chevrons,
          okawaru_metal_pillars_3, serial_shops, shop_statue,
          ebering_ghost_rock_garden
D:6:      layout_loops_corners, amethyst_overflow_temple_binary,
          kennysheep_windowed_goal
D:7:      layout_basic, old_standard_altar, minmay_temple_entry_mini_moons

Skill      XL: |  1  2  3  4  5  6  7  8 |
---------------+-------------------------+-----
Ranged Weapons | 6 7 8 9 10 11 13 | 13.8
Invocations    | 1 2 3 5 6 |  6.8
Fighting       | |  1.5
Dodging        | |  2.4
Stealth        | |  1.2

Action                   |  1- 3 |  4- 6 |  7- 9 || total
-------------------------+-------+-------+-------++-------
 Fire: Shortbow          |    89 |    13 |       ||   102
       Arbalest          |       |    69 |   116 ||   185
  Use: Scroll            |     1 |    12 |     5 ||    18
       Potion            |       |     2 |     1 ||     3
Armor: Leather armour    |    18 |    10 |    15 ||    43
Dodge: Dodged            |    45 |     8 |    29 ||    82
Block: Other             |       |       |     7 ||     7

Table legend: (Time is in decaauts)
 A = Elapsed time spent in this place.
 B = Non-inter-level travel time spent in this place.
 C = Inter-level travel time spent in this place.
 D = Time resting spent in this place.
 E = Time spent auto-exploring this place.
 F = Levels seen in this place.
 G = Mean time per level.
                   A        B        C        D        E       F      G
               +--------+--------+--------+--------+--------+-----+--------+
         Total |   5081 |   4770 |    311 |    230 |   3635 |   7 |  725.9 |
       Dungeon |   5081 |   4770 |    311 |    230 |   3635 |   7 |  725.9 |
               +--------+--------+--------+--------+--------+-----+--------+

Top non-repeatable levels by time:
     D:6: 1128 daAuts
     D:3: 970 daAuts
     D:2: 812 daAuts
     D:1: 784 daAuts
     D:4: 718 daAuts
     D:5: 559 daAuts
     D:7: 107 daAuts
